 Dungeon Crawl Stone Soup version 0.28.0-53-g5a82cb258f (webtiles) character file.

Game seed: 8016938617788453030

77 moldycheese5 the Skirmisher (level 4, -12/37 HPs)
             Began as a Demonspawn Abyssal Knight on June 17, 2022.
             Was a Follower of Lugonu.
             Killed by divine providence
             ... invoked by an orc priest
              (17 damage)
             ... on level 3 of the Dungeon.
             The game lasted 00:04:45 (2482 turns).

moldycheese5 the Skirmisher (DsAK)                  Turns: 2482, Time: 00:04:46

Health: -12/37     AC:  8    Str: 15    XL:     4   Next: 14%
Magic:  5/5        EV:  6    Int: 11    God:    Lugonu [*.....]
Gold:   45         SH:  0    Dex: 14    Spells: 3/3 levels left

rFire   . . .      SeeInvis .   k - +0 spear (vamp)
rCold   . . .      Faith    .   (no shield)
rNeg    . . .      Spirit   .   f - +0 chain mail
rPois   .          Reflect  .   (no helmet)
rElec   .          Harm     .   (no cloak)
rCorr   .          Rampage  .   (no gloves)
Will    .....                   (no boots)
Stlth   ..........              (no amulet)
HPRegen 0.12/turn               (no ring)
MPRegen 0.09/turn               (no ring)

@: no status effects
A: demonic guardian 2
a: Renounce Religion, Depart the Abyss


You were on level 3 of the Dungeon.
You worshipped Lugonu.
Lugonu was aware of your devotion.
You visited 1 branch of the dungeon, and saw 3 of its levels.
You visited the Abyss 1 time.

You collected 45 gold pieces.

Inventory:

Hand Weapons
 a - a +1 falchion
 k - a +0 vampiric spear (weapon)
Armour
 b - a +0 leather armour
 f - a +0 chain mail (worn)
Scrolls
 d - a scroll of enchant armour {unknown}
 g - a scroll of identify
 h - a scroll of fear {unknown}
 j - a scroll of holy word {unknown}
Potions
 c - a potion of ambrosia {unknown}
 e - a potion of attraction


   Skills:
 + Level 3.7 Fighting
 + Level 2.7 Long Blades
 + Level 0.1 Polearms
 + Level 2.2 Armour
 + Level 1.5 Dodging
 + Level 2.5 Invocations


You had 3 spell levels left.
You didn't know any spells.
Your spell library was empty.

Dungeon Overview and Level Annotations

Branches:
Dungeon (3/15)

Altars:


Innate Abilities, Weirdness & Mutations

A demonic guardian rushes to your aid.


Message History

* * * LOW HITPOINT WARNING * * *
Your rust devil hits the orc!
The orc dies!
Lugonu accepts your kill. The orc hits you with a +0 hand axe.
* * * LOW HITPOINT WARNING * * *
The orc barely misses your rust devil.
You hit the orc priest.
The orc priest is heavily wounded.
The orc priest hits you but does no damage.
Your rust devil hits the orc!
The orc dies!
Lugonu accepts your kill.
You hit the orc priest.
You feel better.
The orc priest is severely wounded.
Your surroundings suddenly seem different.
Found a sedimented grey potion.
c - a sedimented grey potion A rat comes into view.
You are too injured to fight recklessly!
The rat bites you but does no damage.
You barely miss the rat. The rat bites you but does no damage.
You closely miss the rat. The rat bites you.
* * * LOW HITPOINT WARNING * * *
You hit the rat.
You feel better.
You kill the rat!
Lugonu accepts your kill.
You start resting.
You feel a little less clever now.
You start resting.
An orc priest is nearby!
An orc priest is nearby!
The orc priest shouts!
You hear a shout! x2
The orc priest calls down the wrath of Beogh upon you.
Beogh smites you!
* * * LOW HITPOINT WARNING * * *
A demonic guardian appears!
The orc priest invokes the aid of Beogh against you.
Beogh smites you!
You die...

... ###
#.# # #o#
#.# #.#
#.# #.#
#######.#
.....4.@#
#########
## ...
###


You could see an orc priest (ally target) and a friendly ice devil (summoned).

Vanquished Creatures
  A gnoll (D:1)
  An adder (D:2)
  2 worms (D:2)
  3 dart slugs
  An orc (D:2)
  3 endoplasms (D:1)
  A giant cockroach (D:1)
  5 hobgoblins
  4 kobolds
  A quokka (D:1)
  4 ball pythons
  2 bats (D:2)
  4 frilled lizards
  2 goblins
  3 rats
37 creatures vanquished.

Vanquished Creatures (collateral kills)
  3 orcs (D:3)
  A ball python (D:1)
  A frilled lizard (D:1)
  2 kobolds (D:1)
7 creatures vanquished.

Grand Total: 44 creatures vanquished

Notes
Turn   | Place    | Note
-------+----------+-------------------------------------------
     0 | Abyss:1  | moldycheese5 the Demonspawn Abyssal Knight began the quest
                  | for the Orb.
     0 | Abyss:1  | Reached XP level 1. HP: 18/18 MP: 2/2
     0 | D:1      | Escaped the Abyss
    81 | D:1      | Gained mutation: A weak demonic guardian rushes to your
                  | aid. [demonic ancestry]
    81 | D:1      | Reached XP level 2. HP: 7/24 MP: 3/3
   435 | D:1      | Reached * piety under Lugonu
   746 | D:1      | Found a faded altar of an unknown god.
   862 | D:1      | Reached XP level 3. HP: 27/29 MP: 4/4
  1223 | D:2      | Reached skill level 1 in Dodging
  2229 | D:2      | Gained mutation: A demonic guardian rushes to your aid.
                  | [demonic ancestry]
  2229 | D:2      | Reached XP level 4. HP: 37/37 MP: 5/5
  2482 | D:3      | Killed from afar by an orc priest

Illustrated notes

Levels and vault maps discovered:
D:1:      dpeg_arrival_rooms_a, layout_rooms, basic_ecumenical_altar,
          minmay_split_cup_large
D:2:      layout_loops_ring, kennysheep_big_empty_room,
          kennysheep_generic_room_10
D:3:      layout_loops_corners

Skill      XL: |  1  2  3 |
---------------+----------+-----
Long Blades    | 2 |  2.7
Armour         | 2 |  2.2
Dodging        | 1 |  1.5
Fighting       | |  3.7
Polearms       | |  0.1
Invocations    | |  2.5

Action                   |  1- 3 |  4- 6 || total
-------------------------+-------+-------++-------
Melee: Falchion          |   107 |       ||   107
       Spear             |    43 |    17 ||    60
Invok: Depart the Abyss  |     1 |       ||     1
  Use: Scroll            |     2 |     1 ||     3
       Potion            |       |     1 ||     1
Armor: Leather armour    |    23 |       ||    23
       Chain mail        |    51 |     8 ||    59
Dodge: Dodged            |    63 |     2 ||    65
